 Dungeon Sprint DCSS version 0.18-a0-1014-g3bbf375 (webtiles) character file.

123 pipel the Chopper (level 4, -4/72 HPs)
             Began as a Deep Dwarf Berserker on Jan 6, 2016.
             Was a Follower of Trog.
             Slain by a neqoxec (12 damage)
             ... in the Dungeon (Sprint II: "The Violet Keep of Menkaure").
             The game lasted 00:00:26 (16 turns).

pipel the Chopper (Deep Dwarf Berserker)              Turns: 16, Time: 00:00:26

Health: -4/72      AC:  2    Str: 26      XL:     4   Next: 79%
Magic:  4/4        EV: 14    Int:  4 (8)  God:    Trog [*.....]
Gold:   0          SH:  0    Dex: 14      Spells: 0 memorised, 3 levels left

rFire  . . .     SeeInvis .     a - +0 hand axe
rCold  . . .     Gourm    .     b - +0 animal skin
rNeg   . . .     Faith    .     (no shield)
rPois  .         Spirit   .     (no helmet)
rElec  .         Dismiss  .     (no cloak)
rCorr  .         Reflect  .     (no gloves)
SustAt .         Harm     .     (no boots)
MR     .....     NoTele   +     (no amulet)
Stlth  ..........               (no ring)
                                (no ring)

@: berserking (expiring), non-regenerating, very quick, not resistant to hostile
enchantments, extremely unstealthy
A: damage resistance, recharge devices, thin skeletal structure 1, sense
surroundings 1, slow regeneration 3, subdued magic 1, MP-powered wands
a: Device Recharging, Berserk, Burn Spellbooks, Renounce Religion


You were in the Dungeon.
You worshipped Trog.
Trog was aware of your devotion.
You were not hungry.

You visited 1 branch

Inventory:

Hand Weapons
 a - a +0 hand axe (weapon)
Armour
 b - a +0 animal skin (worn)
Wands
 c - a wand of heal wounds (5/9)
Scrolls
 j - a scroll of blinking
Potions
 e - a potion of curing
 f - a potion of heal wounds
 g - a potion of haste
 h - 2 potions of magic
 i - a potion of berserk rage
Comestibles
 d - a bread ration


   Skills:
 + Level 6.0 Fighting
 + Level 7.3 Axes
 + Level 3.8 Armour
 + Level 4.3 Dodging


You had 3 spell levels left.
You didn't know any spells.

Dungeon Overview and Level Annotations

Branches:
Dungeon (1/1)

Altars:


Innate Abilities, Weirdness & Mutations

You are resistant to damage.
You can recharge devices by infusing magical energy.
You passively map a small area around you.
You do not regenerate naturally.
You have a somewhat thin skeletal structure (Dex +2, Stealth).
Your spells are a little easier to cast, but a little less powerful.
You expend magic power (3 MP) to strengthen your wands.


Message History

You take 16 damage, and have 11/72 hp.
MASSIVE DAMAGE!!
Unknown command.
Unknown command.
You slash the neqoxec!
The neqoxec is severely wounded.
You closely miss the neqoxec. x2
The neqoxec is severely wounded.
The neqoxec hits you.
* * * LOW HITPOINT WARNING * * *
You take 3 damage, and have 8/72 hp.
Unknown command.
You closely miss the neqoxec.
The neqoxec is severely wounded.
You barely miss the neqoxec. You hit the neqoxec.
The neqoxec is severely wounded.
The neqoxec gestures at you.
Strange energies course through your body.
You feel your magical essence link to your wands.
The neqoxec hits you!
You die...

* ,, , , *≈
≈ *+ ,, , ,
* ∩ ≈ , , ,
* ##* * *
#5#*#+#**,*
, ,
*#53##.## ,
*#3@.<.+
#3##.## , *
*#5# #+# ,
≈≈##** * *
≈ * ≈≈* , *
* * , ≈≈ ≈
, + * ≈ *
≈≈ ≈ + *


You could see 3 neqoxecs, an iron imp, a shadow imp and an ufetubus.

Vanquished Creatures
  A neqoxec (D)
1 creature vanquished.

Notes
Turn   | Place    | Note
--------------------------------------------------------------
     0 | D        | pipel the Deep Dwarf Berserker began the quest for the Orb.
     0 | D        | Reached XP level 1. HP: 20/20 MP: 1/1
     1 | D        | Noticed a neqoxec
     1 | D        | Noticed a neqoxec
     1 | D        | Noticed a neqoxec
     1 | D        | Noticed a neqoxec
     4 | D        | Gained mutation: Your spells are a little easier to cast, but a little less powerful. [a neqoxec]
     8 | D        | Noticed an iron imp
     9 | D        | Gained mutation: You have a somewhat thin skeletal structure (Dex +2, Stealth). [a neqoxec]
    10 | D        | Killed a neqoxec
    10 | D        | Reached skill level 6 in Fighting
    10 | D        | Reached skill level 7 in Axes
    10 | D        | Reached XP level 2. HP: 33/33 MP: 2/2
    10 | D        | Reached XP level 3. HP: 40/40 MP: 3/3
    10 | D        | Reached XP level 4. HP: 48/48 MP: 4/4
    16 | D        | Gained mutation: You expend magic power (3 MP) to strengthen your wands. [a neqoxec]
    16 | D        | Slain by a neqoxec

Vault maps used:
D:        the_violet_keep_of_menkaure

Action                   |  1- 3 |  4- 6 || total
-------------------------+-------+-------++-------
Melee: Hand axe          |     8 |     5 ||    13
Invok: Berserk           |     1 |       ||     1
